 Dungeon Crawl Stone Soup version 0.25-a0-785-gb22c70e859 (webtiles) character file.

Game seed: 9867965301766239375, levelgen mode: deterministic

65 kae the Ruffian (level 3, 0/28 HPs)
             Began as a Draconian Transmuter on Apr 17, 2020.
             Succumbed to an adder's poison
             ... on level 2 of the Dungeon.
             The game lasted 00:01:49 (1227 turns).

kae the Ruffian (Draconian Transmuter)              Turns: 1227, Time: 00:01:49

Health: 0/28       AC:  5    Str: 13    XL:     3   Next: 92%
Magic:  3/6        EV: 12    Int: 13    God:
Gold:   93         SH:  0    Dex: 11    Spells: 1/7 levels left

rFire    . . .     SeeInvis .     - Unarmed
rCold    . . .     Gourm    .   (no shield)
rNeg     . . .     Faith    .   (armour unavailable)
rPois    .         Spirit   .   (helmet restricted)
rElec    .         Reflect  .   (no cloak)
rCorr    .         Harm     .   (no gloves)
MR       .....                  (no boots)
Stlth    +.........             (no amulet)
HPRegen  0.09/turn              (no ring)
MPRegen  0.10/turn              (no ring)

@: lethally poisoned (0 -> -1), very slightly contaminated
A: unfitting armour, cold-blooded, AC +5
a: no special abilities


You were on level 2 of the Dungeon.
You were near starving.

You visited 1 branch of the dungeon, and saw 2 of its levels.

You collected 93 gold pieces.

Inventory:

Missiles
 a - 11 arrows
Scrolls
 b - a scroll of random uselessness {unknown}
 h - 2 scrolls of remove curse
Comestibles
 c - a ration


   Skills:
 - Level 1.1 Fighting
 - Level 1.7 Dodging
 * Level 4.0 Unarmed Combat
 + Level 2.6 Spellcasting
 + Level 2.6 Transmutations


You had one spell level left.
You knew the following spells:

 Your Spells              Type           Power        Failure   Level  Hunger
a - Beastly Appendage     Tmut           #.....       9%          1    #......
b - Sticks to Snakes      Tmut           #.......     12%         2    ###....
c - Spider Form           Tmut/Pois      #.........   38%         3    ###....

Your spell library contained the following spells:

 Spells                   Type           Power        Failure   Level  Hunger
 Ice Form                 Ice/Tmut       #.......     80%         4    #####..
 Blade Hands              Tmut           #.........   92%         5    ######.


Dungeon Overview and Level Annotations

Branches:
Dungeon (2/15)

Altars:


Innate Abilities, Weirdness & Mutations

Your plain brown scales are hard. (AC +5)
You cannot fit into any form of body armour.
You are cold-blooded and may be slowed by cold attacks.


Message History

You feel sick.
There is a stone staircase leading up here.
There is a lethal amount of poison in your body!
There is a lethal amount of poison in your body!
There is a lethal amount of poison in your body!
Okay, then.
You aren't carrying any potions.
You aren't carrying any potions.
Okay, then.
A kobold comes into view. It is wielding a +0 dagger.
* * * LOW HITPOINT WARNING * * *
You feel sick.
You see here a scroll labeled NUSTOAH DUNIDU.
A hobgoblin comes into view.
The hobgoblin shouts!
A jackal comes into view.
Found a hunting sling.
You see here a scroll labeled NUSTOAH DUNIDU.
b - a scroll labeled NUSTOAH DUNIDU You die...

###...#.##.....
).............
h............###
...........#....
................#
...........# #..##
...........# #..#
........@.# #.##
..g.......# ##..#####.
..........######.........
.....K#....รท.....###.####
.....<........####.......
............<....)..##...
.........##########.# ##.
........## #... ...##.
###...


You could see a hobgoblin and a kobold.

Vanquished Creatures
  4 adders (D:2)
  A dart slug (D:1)
  A leopard gecko (D:1)
  2 bats (D:1)
  A giant cockroach (D:1)
  5 goblins
  A hobgoblin (D:1)
  4 jackals (D:2)
  A frilled lizard (D:2)
  2 kobolds (D:1)
  7 rats (D:1)
29 creatures vanquished.

Notes
Turn   | Place    | Note
-------+----------+-------------------------------------------
     0 | D:1      | kae the Draconian Transmuter began the quest for the Orb.
     0 | D:1      | Reached XP level 1. HP: 16/16 MP: 3/3
   232 | D:1      | Reached XP level 2. HP: 19/23 MP: 3/5
   819 | D:2      | Reached XP level 3. HP: 15/28 MP: 4/6
   873 | D:2      | HP: 1/28 [poisoned by an adder]
  1170 | D:1      | Learned a level 2 spell: Sticks to Snakes
  1174 | D:1      | Learned a level 3 spell: Spider Form
  1211 | D:2      | Reached skill level 4 in Unarmed Combat
  1219 | D:2      | HP: 1/28 [poisoned by an adder]
  1227 | D:2      | Succumbed to an adder's poison

Levels and vault maps discovered:
D:1:      dpeg_chamrin_arrival_tetris, layout_basic, minivault_19,
          minmay_rat_gold_closets
D:2:      layout_rooms, lemuel_doored_altar, kiku_gazebo_garden_becter,
          uniq_terence, uniq_robin

Skill      XL: |  1  2  3 |
---------------+----------+-----
Unarmed Combat | 4 |  4.0
Fighting       | |  1.1
Dodging        | |  1.7
Spellcasting   | |  2.6
Transmutations | |  2.6

Action                   || total
-------------------------++-------
Melee: Unarmed           ||   113
       Kick              ||     8
       Tailslap          ||     7
       Headbutt          ||     1
 Cast: Beastly Appendage ||    15
       Sticks to Snakes  ||     1
  Use: Scroll            ||     5
       Potion            ||     2
 Stab: Sleeping          ||     1
Armor: Skin              ||    30
Dodge: Dodged            ||    79

Table legend:
 A = Non-vault XP
 B = Vault XP
 C = Vault XP percentage of total XP
 D = Non-vault monster count
 E = Vault monster count
 F = Vault count percentage of total count
                 A         B        C        D         E       F
            +---------+---------+-------+---------+---------+-------
      Total |      86 |       7 |   7.5 |      22 |       7 |  24.1
            +---------+---------+-------+---------+---------+-------
        D:1 |      24 |       7 |  22.6 |      12 |       7 |  36.8
        D:2 |      62 |       0 |   0.0 |      10 |       0 |   0.0
            +---------+---------+-------+---------+---------+-------
